 Dungeon Crawl Stone Soup version 0.32-a0-576-g706899e (webtiles) character file.

Game seed: 8834753151906425049

4122 MyPicaresque the Carver (level 10, -5/86 HPs)
             Began as a Coglin Gladiator on Mar 1, 2024.
             Slain by an unseen horror simulacrum (8 damage)
             ... on level 8 of the Dungeon.
             The game lasted 00:12:26 (7564 turns).

MyPicaresque the Carver (Coglin Gladiator)          Turns: 7564, Time: 00:12:27

Health: -5/86      AC:  5    Str: 14    XL:     10   Next: 27%
Magic:  10/10      EV: 13    Int:  8    God:
Gold:   314        SH:  0    Dex: 20    Spells: 9/9 levels left

rFire   . . .        a - +0 long sword {Kateb}
rCold   . . .        o - +0 dagger (vamp) {Kanlaya}
rNeg    . . .        b - +0 leather armour
rPois   .            c - +0 helmet
rElec   .            u - +0 cloak
rCorr   .            (no gloves)
SInv    .            (no boots)
Will    .....        (amulet unavailable)
Stlth   +            (ring unavailable)
HPRegen 0.34/turn    (ring unavailable)
MPRegen 0.12/turn    (no gizmo)

%: no passive effects
@: about to teleport
A: off-hand wielding, slow wielding, warmup strikes, no jewellery
a: Invent Gizmo


You were on level 8 of the Dungeon.
You visited 2 branches of the dungeon, and saw 9 of its levels.
You also visited: Ossuary.

You collected 398 gold pieces.
You spent 84 gold pieces at shops.

Inventory:

Hand Weapons
 a - a +0 long sword (weapon) {Kateb}
 o - a +0 vampiric dagger (offhand) {Kanlaya}
Missiles
 e - a javelin
Armour
 b - a +0 leather armour (worn)
 c - a +0 helmet (worn)
 u - a +0 cloak (worn)
Wands
 v - a wand of warping (7)
 w - a wand of flame (7)
Scrolls
 g - a scroll of torment {unknown}
 h - 3 scrolls of enchant armour
 j - 2 scrolls of vulnerability
 l - 4 scrolls of teleportation
 m - 2 scrolls of amnesia {unknown}
 n - 2 scrolls of poison {unknown}
 p - a scroll of enchant weapon {unknown}
 r - 2 scrolls of fog {unknown}
 s - 3 scrolls of noise {unknown}
Potions
 f - a potion of brilliance
 i - a potion of cancellation
 k - a potion of resistance
 q - a potion of curing
 t - a potion of attraction


   Skills:
 + Level 10.7 Fighting
 + Level 10.7 Long Blades
 - Level 1.7 Throwing
 - Level 2.6 Dodging


You had 9 spell levels left.
You didn't know any spells.
Your spell library contained the following spells:

 Spells                   Type           Power      Damage    Failure   Level
 Slow                     Hex            0%         N/A       50%         1
 Sting                    Conj/Alch      0%         1d3       50%         1
 Mercury Vapours          Alch/Air       0%         N/A       63%         2
 Sublimation of Blood     Necr           0%         N/A       63%         2
 Confusing Touch          Hex            0%         N/A       86%         3
 Frozen Ramparts          Ice            0%         1d1       86%         3
 Ozocubu's Armour         Ice            0%         N/A       86%         3
 Sigil of Binding         Hex            0%         N/A       86%         3
 Vampiric Draining        Necr           0%         2d6       86%         3
 Leda's Liquefaction      Alch/Erth      0%         N/A       99%         4
 Olgreb's Toxic Radiance  Alch           0%         N/A       99%         4
 Petrify                  Alch/Erth      0%         N/A       99%         4
 Irradiate                Conj/Alch      0%         3d11      100%        5
 Metabolic Englaciation   Hex/Ice        0%         N/A       100%        5
 Sculpt Simulacrum        Ice/Alch       0%         N/A       100%        6


Dungeon Overview and Level Annotations

Branches:
Dungeon (8/15) Zot: 26362  Temple (1/1) D:7 Zot: 5998 Ossuary (visited)
   Lair: D:8-11

Altars:
Ashenzari
Cheibriados
Dithmenos
Fedhas
Gozag
Hepliaklqana
Kikubaaqudgha
Nemelex Xobeh
Qazlal
Ru
Sif Muna
Uskayaw
Vehumet
Xom
Yredelemnul
Zin
The Shining One

Shops:
D:3 *


Innate Abilities, Weirdness & Mutations

You can wield a second weapon in your off-hand.
It takes a long time for you to wield or remove held weapons.
Your first few attacks do less damage.
You cannot equip rings or amulets.


Message History

!!!!!
HP Warning !!!!!
The unseen horror simulacrum hits you.
The unseen horror simulacrum freezes you!
You take 15 HP, and have [34/86] HP You slash the unseen horror simulacrum with your +0 long sword!
The unseen horror simulacrum is heavily damaged.
You hit the unseen horror simulacrum but do no damage.
The unseen horror simulacrum hits you.
The unseen horror simulacrum freezes you!
* * * LOW HITPOINT WARNING * * *
The unseen horror simulacrum misses you.
You take 15 HP, and have [19/86] HP Throw: throwing net
Press: ? - help, Q - select action, (/) - cycle Shift-Dir - straight line, f - unseen horror simulacrum
Aim: an unseen horror simulacrum (heavily damaged, 81% to hit)
You throw a throwing net.
The throwing net hits the unseen horror simulacrum.
The unseen horror simulacrum is caught in the net!
The unseen horror simulacrum is heavily damaged.
The unseen horror simulacrum struggles against the net. x2
The net rips apart, and the unseen horror simulacrum comes free!
The unseen horror simulacrum closely misses you.
Okay, then.
Unknown command.
Unknown command.
Okay, then.
Okay, then.
Okay, then.
As you read the scroll of teleportation, it crumbles to dust.
You feel strangely unstable. The unseen horror simulacrum hits you.
* * * LOW HITPOINT WARNING * * *
The unseen horror simulacrum freezes you!
* * * LOW HITPOINT WARNING * * *
The unseen horror simulacrum barely misses you. x2
You take 12 HP, and have [8/86] HP The unseen horror simulacrum attacks as it pursues you!
The unseen horror simulacrum hits you.
* * * LOW HITPOINT WARNING * * *
The unseen horror simulacrum freezes you!
You die...

...# #..>##.### ####.###.## .≈.♣#
#........#######.###.#
♣..########...§§............Z..#
_≈.......##...§§....###.##.##....
..♣.#..#......§.§...###.##..h ...
....##...#####.#......#.#####....
#≈.##......# #...##.#.#.#####....
..##.##.#..#####Z##.#.#..........
.##..........# #@#.......######..
.##....##..#.# #.#.##.##.#
.##........#.###.#.##.##.#
##..#..##........#.##..#.#####
##.##..##.......##.###.......#
##.##..##.......##.###..###..#
.)).............##.....##.##.#
##..#####.......#####......#.#
#..# #.......# #....##.##.#


You could see an unseen horror simulacrum.

Vanquished Creatures
  A death yak (D:8)
  A polar bear (D:8)
  5 yaks
  2 black bears
  An orc warrior (D:7)
  2 ice beasts
  An ogre (D:5)
  A wolf (D:8)
  A centaur (D:7)
  3 phantoms
  9 scorpions
  7 killer bees (D:8)
  A howler monkey (D:6)
  3 centaur zombies (Ossuary)
  3 hounds
  2 bombardier beetles
  2 jellies
  A sleepcap (D:5)
  2 human zombies (Ossuary)
  Jessica (D:2)
  An iguana (D:6)
  2 orc wizards (D:8)
  3 scorpion zombies (Ossuary)
  A centaur simulacrum (D:8)
  3 mummies (Ossuary)
  11 adders
  2 white imps
  2 ufetubi (D:7)
  An adder zombie (Ossuary)
  A ribbon worm (D:2)
  2 dart slugs
  22 orcs
  5 ball pythons
  5 endoplasms
  4 giant cockroaches
  2 gnoll zombies (Ossuary)
  4 goblins
  4 hobgoblins
  3 jackals (D:4)
  6 kobolds
  8 quokkas
  2 ball python zombies (Ossuary)
  6 bats
  4 frilled lizards
  3 jackal zombies (Ossuary)
  5 orc zombies (Ossuary)
  4 rats
  A butterfly (D:8)
166 creatures vanquished.

Notes
Turn   | Place    | Note
-------+----------+-------------------------------------------
     0 | D:1      | MyPicaresque the Coglin Gladiator began the quest for the
                  | Orb.
     0 | D:1      | Reached XP level 1. HP: 16/16 MP: 1/1
   113 | D:1      | Reached XP level 2. HP: 21/23 MP: 2/2
   213 | D:1      | Reached XP level 3. HP: 29/29 MP: 3/3
   808 | D:2      | Noticed Jessica
   818 | D:2      | Killed Jessica
   819 | D:2      | Reached XP level 4. HP: 33/37 MP: 4/4
  1384 | D:2      | You fall into a shaft and drop 2 floors!
  1595 | D:3      | Found a blossoming altar of Fedhas.
  1728 | D:3      | Found Eskucw's General Store.
  1740 | D:3      | Bought a potion of curing for 36 gold pieces
  1740 | D:3      | Bought a scroll of identify for 24 gold pieces
  1740 | D:3      | Bought a scroll of identify for 24 gold pieces
  2423 | D:4      | Found a shadowy altar of Dithmenos.
  2442 | D:4      | Noticed a scorpion
  2448 | D:4      | Killed a scorpion
  2449 | D:4      | Reached XP level 5. HP: 25/43 MP: 5/5
  3110 | D:5      | Entered Level 5 of the Dungeon
  3127 | D:5      | Reached skill level 5 in Fighting
  3127 | D:5      | Reached XP level 6. HP: 51/51 MP: 6/6
  3274 | D:5      | Noticed an ice beast
  3411 | D:5      | Noticed a black bear
  3424 | D:5      | Killed a black bear
  3425 | D:5      | Reached skill level 5 in Long Blades
  3611 | D:5      | Reached XP level 7. HP: 31/58 MP: 7/7
  3914 | D:5      | Found an opulent altar of Gozag.
  4235 | D:6      | Found a sand-covered staircase.
  4240 | Ossuary  | Entered an ossuary
  4320 | Ossuary  | Reached XP level 8. HP: 21/65 MP: 8/8
  5372 | D:6      | Reached XP level 9. HP: 48/72 MP: 9/9
  6111 | D:7      | Reached skill level 10 in Long Blades
  6718 | D:7      | Found a staircase to the Ecumenical Temple.
  6767 | Temple   | Entered the Ecumenical Temple
  6927 | D:8      | Found a shimmering altar of Xom.
  6935 | D:8      | Noticed a death yak
  6946 | D:8      | Noticed a polar bear
  6961 | D:8      | Killed a polar bear
  6969 | D:8      | Killed a death yak
  6970 | D:8      | Reached skill level 10 in Fighting
  6970 | D:8      | Reached XP level 10. HP: 77/85 MP: 10/10
  7289 | D:8      | Found a shimmering altar of Xom.
  7564 | D:8      | HP: 3/86 [unseen horror simulacrum (5)]
  7564 | D:8      | Slain by an unseen horror simulacrum

Illustrated notes

Levels and vault maps discovered:
D:1:      spicycebolla_green_bress_n_ham, layout_loops_ring,
          chequers_decorated_corner, hangedman_decor_growths
D:2:      layout_loops_ring, uniq_jessica
D:3:      layout_loops_ring, lemuel_crystal_altar, serial_shops,
          nicolae_shop_tiny_glass, minmay_stone_trees_medium,
          nicolae_figureground_pulse
D:4:      layout_loops_ring, nicolae_dithmenos_through_a_glass_darkly
D:5:      layout_gridville, old_standard_altar
D:6:      layout_basic, enter_ossuary_2, portal_sewer_entry_d
D:7:      layout_loops_ring, temple_pool_b
D:8:      layout_loops_cross, nicolae_elyvilon_peaceful_grove,
          trog_ov_bears_minmay, xom_redecorated, erik_lair_orcish_takeover,
          serial_ice, serial_ice_e, serial_ice_o, serial_ice_d, serial_ice_k,
          serial_ice_b, serial_ice_h, serial_ice_c, serial_ice_n
Temple:   oiseaux_autumnal_temple

Skill      XL: |  1  2  3  4  5  6  7  8  9 |
---------------+----------------------------+-----
Fighting       | 3 4 5 6 7 10 | 10.7
Long Blades    | 4 5 7 8 10 | 10.7
Throwing       | |  1.7
Dodging        | |  2.6

Action                     |  1- 3 |  4- 6 |  7- 9 | 10-12 || total
---------------------------+-------+-------+-------+-------++-------
  Melee: Long sword        |    65 |   104 |   311 |    65 ||   545
         Dagger            |    56 |    92 |   283 |    65 ||   496
  Throw: Throwing net      |       |     2 |     4 |     1 ||     7
    Use: Scroll            |       |     4 |     5 |     1 ||    10
         Potion            |       |       |    10 |     2 ||    12
   Stab: Sleeping          |     2 |     2 |       |       ||     4
         Held in net/web   |       |     2 |     5 |       ||     7
         Invisible         |       |       |     4 |       ||     4
         Distracted        |       |       |     2 |       ||     2
 Armour: Leather armour    |    45 |    56 |   192 |    53 ||   346
  Dodge: Dodged            |    35 |    58 |   218 |    52 ||   363

Table legend: (Time is in decaauts)
 A = Elapsed time spent in this place.
 B = Non-inter-level travel time spent in this place.
 C = Inter-level travel time spent in this place.
 D = Time resting spent in this place.
 E = Time spent auto-exploring this place.
 F = Levels seen in this place.
 G = Mean time per level.
                   A        B        C        D        E       F      G
               +--------+--------+--------+--------+--------+-----+--------+
         Total |   7536 |   7273 |    263 |    454 |   5291 |  10 |  753.6 |
       Dungeon |   6995 |   6732 |    263 |    243 |   5291 |   8 |  874.4 |
        Temple |      1 |      1 |      0 |      0 |      0 |   1 |    1.0 |
       Ossuary |    540 |    540 |      0 |    211 |      0 |   1 |  540.0 |
               +--------+--------+--------+--------+--------+-----+--------+

Top non-repeatable levels by time:
     D:7: 1101 daAuts
     D:6: 1075 daAuts
     D:5: 1048 daAuts
     D:4: 887 daAuts
     D:1: 769 daAuts
     D:3: 761 daAuts
     D:2: 715 daAuts
     D:8: 636 daAuts
 Ossuary: 540 daAuts
  Temple: 1 daAuts
